 Dungeon Crawl Stone Soup version 0.21.1-1-g345015f (webtiles) character file.

350 Dfrag the Conjurer (level 6, -7/49 HPs)
             Began as a Naga Conjurer on Feb 11, 2018.
             Was an Initiate of Gozag.
             Mangled by Pikel
             ... wielding a +2 whip of electrocution
              (10 damage)
             ... on level 4 of the Dungeon.
             The game lasted 00:05:13 (2025 turns).

Dfrag the Conjurer (Naga Conjurer)                  Turns: 2025, Time: 00:05:14

Health: -7/49      AC:  3    Str: 10    XL:     6   Next: 60%
Magic:  3/12       EV: 10    Int: 17    God:    Gozag
Gold:   280        SH:  0    Dex: 12    Spells: 11/14 levels left

rFire    + . .     SeeInvis +   k - +0 mace (protect)
rCold    x . .     Gourm    .   (no shield)
rNeg     . . .     Faith    .   a - +0 robe
rPois    +         Spirit   .   (no helmet)
rElec    .         Reflect  .   (no cloak)
rCorr    .         Harm     .   (no gloves)
MR       .....                  (no barding)
Stlth    ++........             (no amulet)
HPRegen  0.16/turn              p - ring of fire
MPRegen  0.13/turn              (no ring)

@: very slow
A: large, see invisible, deformed body, poison resistance, slowness 2, slow
metabolism 1, spit poison 1, AC +2
a: Spit Poison, Potion Petition, Call Merchant, Bribe Branch, Renounce Religion


You were on level 4 of the Dungeon.
You worshipped Gozag.
Gozag was aware of your devotion.
You were near starving.

You visited 1 branch of the dungeon, and saw 5 of its levels.

You collected 320 gold pieces.
You paid 40 gold pieces to Gozag.

Inventory:

Hand Weapons
 k - a +0 mace of protection (weapon)
Armour
 a - a +0 robe (worn)
Jewellery
 p - a ring of fire (left hand)
Scrolls
 e - a scroll of fog {unknown}
 f - 7 scrolls of identify {unknown}
 g - a scroll of fear {unknown}
 h - a scroll of blinking {unknown}
 i - 2 scrolls of remove curse {unknown}
 j - a scroll of random uselessness {unknown}
 m - a scroll of teleportation {unknown}
 o - 2 scrolls of noise {unknown}
 t - a scroll of amnesia {unknown}
Potions
 d - 3 potions of brilliance {unknown}
 l - 2 potions of curing {unknown}
 n - a potion of degeneration {unknown}
 q - a potion of heal wounds {unknown}
 r - a potion of might {unknown}
 s - a potion of magic {unknown}
 u - a potion of flight {unknown}
Books
 b - a book of Conjurations

   Spells                             Type                      Level
   a - Magic Dart                     Conjuration                  1
   b - Searing Ray                    Conjuration                  2
   c - Dazzling Spray                 Conjuration/Hexes            3
   d - Fulminant Prism                Conjuration/Hexes            4
   e - Force Lance                    Conjuration/Translocation    4
   f - Iskenderun's Mystic Blast      Conjuration                  4
Comestibles
 c - 5 rations


   Skills:
 - Level 1.5 Dodging
 - Level 3.0 Stealth
 + Level 4.6 Spellcasting
 + Level 6.1 Conjurations


You had 11 spell levels left.
You knew the following spells:

 Your Spells              Type           Power        Failure   Level  Hunger
a - Magic Dart            Conj           ###.         1%          1    None
b - Searing Ray           Conj           ###...       1%          2    ##.....


Dungeon Overview and Level Annotations

Branches:
Dungeon (5/15)
 Temple: D:4-7

Altars:
Elyvilon
Gozag
Hepliaklqana
Qazlal

Annotations:
D:3 nel's ghost, amateur HuSk
D:4 Edmund; Pikel


Innate Abilities, Weirdness & Mutations

You cannot wear boots.
Your serpentine skin is tough. (AC +2)
You have supernaturally acute eyesight. (SInv)
Armour fits poorly on your strangely shaped body.
Your system is resistant to poisons. (rPois)
You cover ground very slowly.
You have a slow metabolism.
You can spit poison.


Message History

Pikel hits you with a whip of electrocution.
Casting: Searing Ray
Confirm with . or Enter, or press ? or * to list all spells.
Aiming: Searing Ray
Press: ? - help, Shift-Dir - straight line, f/p - Pikel
Aim: Pikel, wielding a whip of electrocution and wearing a robe (heavily wounded)
The searing ray hits Pikel.
Pikel is severely wounded. (Press . to maintain the ray.) Pikel hits you but does no damage.
You are electrocuted!
The searing ray hits Pikel.
Pikel is severely wounded.
Pikel hits you with a whip of electrocution.
You are electrocuted!
* * * LOW HITPOINT WARNING * * *
The searing ray hits Pikel.
Pikel is almost dead.
Pikel hits you with a whip of electrocution!
You die...
Your body crumbles into a pile of gold.

##≈≈......≈.###
≈≈≈≈≈≈≈###.....≈≈##
≈≈≈≈≈≈≈####'#####
.≈≈≈≈pp≈≈##..#
.≈≈≈≈pK###''##
######≈≈≈≈≈# #....#
$ ≈≈≈≈≈≈≈≈≈≈≈#
#....# ≈≈≈≈≈≈≈≈p≈#
#....#
##≈≈≈≈≈######@...#
#≈≈≈≈≈≈≈≈K≈≈#K####.#
≈≈≈≈≈≈≈≈≈p≈pp## #≈≈
#≈≈≈≈≈≈≈≈p≈### ##≈
############


You could see Pikel and 3 slaves.

Vanquished Creatures
  Sigmund (D:4)
  An ogre (D:5)
  A jelly (D:5)
  2 adders (D:2)
  A dart slug (D:1)
  2 worms
  5 giant cockroaches
  11 goblins
  7 hobgoblins
  7 jackals (D:2)
  2 quokkas (D:2)
  6 bats
  4 frilled lizards
  8 kobolds
  6 rats
64 creatures vanquished.

Notes
Turn   | Place    | Note
-------+----------+-------------------------------------------
     0 | D:1      | Dfrag the Naga Conjurer began the quest for the Orb.
     0 | D:1      | Reached XP level 1. HP: 15/15 MP: 3/3
   115 | D:1      | Reached XP level 2. HP: 20/22 MP: 0/5
   610 | D:2      | Reached XP level 3. HP: 28/28 MP: 4/6
   737 | D:2      | Learned a level 2 spell: Searing Ray
   881 | D:2      | Reached XP level 4. HP: 36/36 MP: 4/8
   928 | D:2      | Found a white marble altar of Elyvilon.
  1117 | D:2      | Found a hazy altar of Hepliaklqana.
  1366 | D:2      | Found an opulent altar of Gozag.
  1397 | D:2      | Became a worshipper of Gozag Ym Sagoz the Greedy
  1490 | D:2      | Found a stormy altar of Qazlal.
  1535 | D:3      | Reached skill level 5 in Conjurations
  1553 | D:3      | Noticed nel's ghost (amateur HuSk)
  1638 | D:4      | Noticed Edmund
  1648 | D:5      | Entered Level 5 of the Dungeon
  1739 | D:5      | Noticed an ogre
  1744 | D:5      | Killed an ogre
  1744 | D:5      | Reached XP level 5. HP: 21/42 MP: 2/10
  1930 | D:4      | Noticed Sigmund
  1935 | D:4      | Killed Sigmund
  1935 | D:4      | Reached skill level 6 in Conjurations
  1935 | D:4      | Reached XP level 6. HP: 45/49 MP: 8/12
  2008 | D:4      | Noticed Pikel
  2008 | D:4      | Noticed a slave
  2008 | D:4      | Noticed a slave
  2008 | D:4      | Noticed a slave
  2008 | D:4      | Noticed a slave
  2025 | D:4      | Mangled by Pikel

Skill      XL: |  1  2  3  4  5 |
---------------+----------------+-----
Spellcasting   | 3 4 |  4.6
Conjurations   | 5 6 |  6.1
Dodging        | |  1.5
Stealth        | |  3.0

Action                   |  1- 3 |  4- 6 || total
-------------------------+-------+-------++-------
Melee: Unarmed           |     6 |       ||     6
       Mace              |    14 |    16 ||    30
 Cast: Magic Dart        |    41 |    43 ||    84
       Searing Ray       |       |     6 ||     6
 Abil: Spit Poison       |    19 |     6 ||    25
  Eat: Chunk             |     1 |     2 ||     3
Armor: Robe              |    11 |    19 ||    30
Dodge: Dodged            |    21 |    31 ||    52
